 Dungeon Crawl Stone Soup version 0.19-b1-3-g7dea586 (webtiles) character file.

683 tv1990 the Cleaver (level 7, -22/52 HPs)
             Began as a Formicid Monk on Oct 28, 2016.
             Annihilated by an ogre
             ... wielding a +0 giant club
              (24 damage)
             ... on level 4 of the Dungeon.
             The game lasted 00:10:45 (3361 turns).

tv1990 the Cleaver (Formicid Monk)                  Turns: 3361, Time: 00:10:45

Health: -22/52     AC: 10    Str: 16    XL:     7   Next: 93%
Magic:  7/7        EV:  7    Int:  9    God:
Gold:   205        SH:  0    Dex: 15    Spells: 0 memorised, 6 levels left

rFire  . . .     SeeInvis +     p - +0 war axe
rCold  + . .     Gourm    .     k - +1 chain mail
rNeg   . . .     Faith    .     (no shield)
rPois  .         Spirit   .     (helmet unavailable)
rElec  .         Reflect  .     (no cloak)
rCorr  .         Harm     .     (no gloves)
MR     .....                    h - +0 pair of boots
Stlth  ..........               (no amulet)
                                (no ring)
                                n - ring of protection from cold

@: no status effects
A: permanent stasis, dig shafts and tunnels, four strong arms, antennae 3
a: Dig, Shaft Self


You were on level 4 of the Dungeon.
You were hungry.

You visited 1 branch of the dungeon, and saw 5 of its levels.

You collected 205 gold pieces.

Inventory:

Hand Weapons
 a - a +1 hand axe
 f - a +0 whip
 i - a +1 mace of protection
 p - a +0 war axe (weapon)
Armour
 b - a +0 robe
 e - a +0 ring mail
 h - a +0 pair of boots (worn)
 k - a +1 chain mail (worn)
Jewellery
 n - a ring of protection from cold (left hand)
Scrolls
 j - a scroll of amnesia
 m - 2 scrolls of recharging
 q - 3 scrolls of remove curse
 s - a scroll of identify
Potions
 d - a potion of might {unknown}
 g - 2 potions of mutation {unknown}
 o - a potion of resistance {unknown}
 r - a potion of cure mutation {unknown}
 u - a potion of flight {unknown}
Comestibles
 c - 3 bread rations
 l - 3 beef jerkies


   Skills:
 - Level 3.2 Fighting
 + Level 8.7 Axes
 - Level 2.6 Dodging
 - Level 2.4 Stealth


You had 6 spell levels left.
You didn't know any spells.

Dungeon Overview and Level Annotations

Branches:
Dungeon (5/15)
 Temple: D:4-7

Altars:
Sif Muna
The Shining One


Innate Abilities, Weirdness & Mutations

You are under a permanent stasis effect.
You can dig through walls and to a lower floor.
Your four strong arms can wield two-handed weapons with a shield.
You have a pair of large antennae on your head. (SInv)


Message History

You barely miss the ogre. You hit the ogre.
The ogre is moderately wounded.
The ogre hits you with a giant club!
Your chain mail prevents you from hitting the ogre.
The ogre is moderately wounded.
The ogre hits you with a giant club!
* * * LOW HITPOINT WARNING * * *
You slash the ogre!
The ogre is heavily wounded.
The ogre hits you with a giant club!
* * * LOW HITPOINT WARNING * * *
You barely miss the ogre.
The ogre is heavily wounded.
The ogre hits you with a giant club!
* * * LOW HITPOINT WARNING * * *
You slash the ogre!
The ogre is almost dead.
The ogre hits you with a giant club!!
You die...

.###########.#......#
'### #.##.....# ...#
#.##..################
...#
#.##..................
...#
#.##_.################
...# #.###>.#.#
...#########.# #.#)##
...##.....##.# #O###
...##.....##.# #@#
+####........###.###
.#######...........#
...................#
.###########.......#
.................###
##################


You could see an ogre.

Vanquished Creatures
  2 ogres (D:4)
  The ghost of kraktruk the Cudgeler, an amateur GrGl (D:3)
  An orc priest (D:3)
  Ijyb (D:2)
  Natasha (thrice) (D:3)
  A worker ant (D:4)
  3 orc wizards
  9 adders
  A worm (D:3)
  2 dart slugs
  2 leopard geckos
  21 orcs
  4 giant cockroaches
  10 goblins
  13 hobgoblins
  4 jackals (D:1)
  A quokka (D:2)
  2 ball pythons (D:1)
  5 bats
  5 frilled lizards
  5 kobolds
  A leopard gecko skeleton (D:4)
  9 rats
106 creatures vanquished.

Notes
Turn   | Place    | Note
-------+----------+-------------------------------------------
     0 | D:1      | tv1990 the Formicid Monk began the quest for the Orb.
     0 | D:1      | Reached XP level 1. HP: 18/18 MP: 1/1
   145 | D:1      | Reached XP level 2. HP: 24/24 MP: 2/2
   415 | D:1      | Reached skill level 4 in Axes
   415 | D:1      | Reached XP level 3. HP: 29/29 MP: 3/3
   730 | D:2      | Noticed Ijyb
   737 | D:2      | Killed Ijyb
   737 | D:2      | Reached skill level 5 in Axes
   737 | D:2      | Reached XP level 4. HP: 16/35 MP: 4/4
   956 | D:2      | Reached XP level 5. HP: 9/41 MP: 5/5
  1187 | D:2      | Found a faded altar of an unknown god.
  1665 | D:3      | Noticed kraktruk's ghost (amateur GrGl)
  1692 | D:3      | Killed kraktruk's ghost
  1692 | D:3      | Reached skill level 6 in Axes
  1692 | D:3      | Reached XP level 6. HP: 19/47 MP: 6/6
  1889 | D:3      | Found a deep blue altar of Sif Muna.
  2046 | D:3      | Noticed Natasha
  2072 | D:3      | Killed Natasha
  2072 | D:3      | Reached skill level 7 in Axes
  2089 | D:3      | Noticed Natasha
  2106 | D:3      | Killed Natasha
  2242 | D:3      | Reached XP level 7. HP: 28/52 MP: 7/7
  2551 | D:3      | Noticed Natasha
  2557 | D:3      | Killed Natasha
  2845 | D:4      | Found a glowing golden altar of the Shining One.
  2860 | D:4      | Reached skill level 8 in Axes
  3338 | D:5      | Entered Level 5 of the Dungeon
  3357 | D:4      | HP: 2/52 [ogre/giant club (14)]
  3361 | D:4      | Annihilated by an ogre

Skill      XL: |  1  2  3  4  5  6  7 |
---------------+----------------------+-----
Axes           | 4 5 6 7 8 |  8.7
Fighting       | |  3.2
Dodging        | |  2.6
Stealth        | |  2.4

Action                   |  1- 3 |  4- 6 |  7- 9 || total
-------------------------+-------+-------+-------++-------
Melee: Hand axe          |   138 |   261 |     7 ||   406
       War axe           |       |       |   107 ||   107
 Abil: Dig               |     1 |     4 |     1 ||     6
  Use: Scroll            |       |    10 |     1 ||    11
       Potion            |       |     4 |       ||     4
 Stab: Sleeping          |     1 |       |       ||     1
  Eat: Chunk             |       |     6 |     3 ||     9
Armor: Ring mail         |    55 |       |       ||    55
       Robe              |     1 |       |       ||     1
       Chain mail        |     9 |   131 |    48 ||   188
Dodge: Dodged            |    90 |    79 |    32 ||   201

Table legend:
 A = Turns spent in this place as a percentage of turns spent in the entire game.
 B = Non-inter-level travel turns spent in this place as a percentage of non-inter-level travel turns spent in the entire game.
 C = Inter-level travel turns spent in this place as a percentage of turns spent in this place.
 D = Turns resting spent in this place as a percentage of non-inter-level travel turns spent in this place.
 E = Turns spent auto-exploring this place as a percentage of non-inter-level travel turns spent in this place.
 F = Non-inter-level travel turns spent in this place divided by the number of levels of this place that you've seen.
                   A       B       C       D       E      F
               +-------+-------+-------+-------+-------+----------------------
         Total | 100.0 | 100.0 |   0.4 |   2.9 |  13.5 | 230.4
       Dungeon | 100.0 | 100.0 |   0.4 |   2.9 |  13.5 | 230.4
               +-------+-------+-------+-------+-------+----------------------

Table legend:
 A = Kills in this place as a percentage of kills in entire the game.
 B = Kills by you in this place as a percentage of kills by you in the entire game.
 C = Kills by friends in this place as a percentage of kills by friends in the entire game.
 D = Other kills in this place as a percentage of other kills in the entire game.
 E = Experience gained in this place as a percentage of experience gained in the entire game.
 F = Experience gained in this place divided by the number of levels of this place that you have seen.
                   A       B       C       D       E      F
               +-------+-------+-------+-------+-------+----------------------
         Total | 100.0 | 100.0 |  -nan |  -nan | 100.0 | 195.4
       Dungeon | 100.0 | 100.0 |  -nan |  -nan | 100.0 | 195.4
               +-------+-------+-------+-------+-------+----------------------

Vault maps used:
D:1:      co_arrival_two_rings, minmay_tromino_v4_b
D:2:      ecumenical_altar_1, uniq_iyjb
D:3:      lemuel_round_altar, uniq_natasha
D:4:      overflow_temple_1_default, first_bread
D:5:      zin_angel, nicolae_qazlal_style_of_elements
